 Dungeon Crawl Stone Soup version 0.31-a0-920-g28cbb04a8c (webtiles) character file.

Game seed: 10970451486234184747

515 pokeman the Magician (level 7, -8/39 HPs)
             Began as a Deep Elf Hedge Wizard on Oct 18, 2023.
             Killed by divine providence
             ... invoked by an orc priest
              (15 damage)
             ... on level 5 of the Dungeon.
             The game lasted 00:10:44 (5602 turns).

pokeman the Magician (Deep Elf Hedge Wizard)        Turns: 5602, Time: 00:10:46

Health: -8/39      AC:  5    Str:  6    XL:     7   Next: 0%
Magic:  4/20       EV: 13    Int: 20    God:
Gold:   134        SH:  0    Dex: 15    Spells: 6/21 levels left

rFire   . . .        t - +1 dagger (vamp)
rCold   . . .        (no shield)
rNeg    + . .        b - +0 robe
rPois   +            c - +0 hat
rElec   .            n - +2 ratskin cloak {*Rats rPois rN+ Str-1 Int-1 Dex+1}
rCorr   .            (no gloves)
SInv    .            (no boots)
Will    .....        (no amulet)
Stlth   ++           o - ring of wizardry
HPRegen 0.26/turn    (no ring)
MPRegen 0.17/turn

%: wizardry (x1)
@: very slightly contaminated
A: no striking features
a: no special abilities


You were on level 5 of the Dungeon.
You visited 1 branch of the dungeon, and saw 5 of its levels.

You collected 134 gold pieces.

Inventory:

Hand Weapons
 t - a +1 vampiric dagger (weapon)
Armour
 b - a +0 robe (worn)
 c - a +0 hat (worn)
 n - the +2 ratskin cloak (worn) {*Rats rPois rN+ Str-1 Int-1 Dex+1}
   (You found it on level 2 of the Dungeon)

   *Rats:     When the wearer is hurt, rats may emerge from it to assist them.
   Str-1:     It affects your strength (-1).
   Int-1:     It affects your intelligence (-1).
   Dex+1:     It affects your dexterity (+1).
   rPois:     It protects you from poison rN+: It protects you from negative
   energy.
Jewellery
 o - a ring of wizardry (left hand)
 r - a ring of fire
Wands
 u - a wand of roots (4)
Scrolls
 a - a scroll of amnesia {unknown}
 e - 2 scrolls of teleportation {unknown}
 f - 2 scrolls of fear {unknown}
 g - a scroll of poison {unknown}
 h - 6 scrolls of identify {unknown}
 k - a scroll of fog {unknown}
 l - 2 scrolls of noise {unknown}
 m - a scroll of revelation {unknown}
 p - a scroll of enchant armour {unknown}
 q - a scroll of vulnerability {unknown}
Potions
 d - 2 potions of magic
 i - a potion of curing {unknown}
 j - a potion of berserk rage {unknown}
 s - 2 potions of lignification {unknown}
 v - 2 potions of ambrosia {unknown}


   Skills:
 + Level 1.8 Fighting
 - Level 1.0 Armour
 - Level 3.1 Dodging
 - Level 3.0 Stealth
 * Level 7.5 Spellcasting
 + Level 3.5 Conjurations
 - Level 1.1 Summonings
 - Level 1.1 Translocations
 + Level 1.2 Ice Magic
 - Level 1.0 Air Magic
 - Level 1.2 Poison Magic
 - Level 1.0 Evocations


You had 6 spell levels left.
You knew the following spells:

 Your Spells              Type           Power      Damage    Failure   Level
a - Magic Dart            Conj           84%        1d7       1%          1
b - Mephitic Cloud        Conj/Pois/Air  15%        N/A       4%          3
c - Call Imp              Summ           22%        N/A       3%          2
d - Blink                 Tloc           22%        N/A       3%          2
e - Poisonous Vapours     Pois/Air       24%        N/A       3%          2
f - Freezing Cloud        Conj/Ice/Air   7%         6-21      38%         5

Your spell library contained the following spells:

 Spells                   Type           Power      Damage    Failure   Level
 Momentum Strike          Conj/Tloc      32%        3d8       2%          2
 Slow                     Hex            28%        N/A       3%          1
 Lesser Beckoning         Tloc           22%        N/A       3%          2
 Cigotuvi's Dreadful Rot  Necr/Pois/Air  20%        N/A       4%          2


Dungeon Overview and Level Annotations

Branches:
Dungeon (5/15)
 Temple: D:4-7

Altars:
Uskayaw

Shops:
D:1 *

Annotations:
D:5 Edmund, Prince Ribbit


Message History

The orc wizard is engulfed in noxious fumes.
The orc wizard appears confused.
The orc wizard hits you with a +0 dagger.
* * * LOW HITPOINT WARNING * * *
Unknown command.
Unknown command.
Prince Ribbit is engulfed in noxious fumes.
Prince Ribbit appears confused.
Prince Ribbit misses you.
The orc wizard is engulfed in noxious fumes.
The orc wizard appears confused.
The orc wizard closely misses you.
The orc wizard hits itself with a +0 dagger.
Unknown command.
Prince Ribbit is engulfed in noxious fumes.
Prince Ribbit appears confused.
Prince Ribbit is engulfed in noxious fumes.
Prince Ribbit appears confused.
Unknown command.
Casting: Mephitic Cloud (dangerous; 4% risk of failure)
Confirm with . or Enter, or press ? or * to list all spells.
Aiming: Mephitic Cloud (dangerous; 4% risk of failure)
Press: ? - help, Shift-Dir - straight line, f - iguana, p - Prince Ribbit
Aim: an iguana (chance to affect: 86%)
The ball explodes into a vile cloud!
The stinking cloud engulfs the iguana but does no damage.
The stinking cloud engulfs the orc but does no damage. x2
You hear a shout! x2
The iguana is engulfed in noxious fumes.
The iguana appears confused.
The iguana closely misses the orc.
The iguana bites itself!
The orc is engulfed in noxious fumes.
The orc appears confused.
The orc barely misses the orc.
The orc is engulfed in noxious fumes.
The orc appears confused.
The orc barely misses itself.
Unknown command.
An orc priest and a sleepcap come into view.
You feel ready to blink again.
The orc priest shouts!
The orc is engulfed in noxious fumes.
The orc appears confused.
The orc priest calls down the wrath of Beogh upon you.
Beogh smites you!
You die...

#.......#
#.......######
#....<.@.....#
##....†.......#
..#.............#
..........).....#
>............○..##
....................
........<@ooF.......
..........l.........
._.......o°o......#.
###.................
###................#
.f................ .
................
........o......


You could see Edmund (confused), Prince Ribbit (confused), a sleepcap, an iguana
(confused), an orc priest, an orc wizard (confused) and 3 orcs.

Vanquished Creatures
  A centaur (D:5)
  A scorpion (D:4)
  2 hounds
  2 iguanas
  Natasha (twice) (D:4)
  An orc wizard (D:3)
  6 adders
  2 shadow imps (D:4)
  A worm (D:2)
  6 orcs
  3 bats
  6 endoplasms
  14 giant cockroaches
  5 goblins
  8 hobgoblins
  9 jackals
  11 kobolds
  3 quokkas
  6 ball pythons
  2 frilled lizards
  4 rats
95 creatures vanquished.

Vanquished Creatures (collateral kills)
  Natasha (D:4)
  A ball python (D:4)
2 creatures vanquished.

Grand Total: 97 creatures vanquished

Notes
Turn   | Place    | Note
-------+----------+-------------------------------------------
     0 | D:1      | pokeman the Deep Elf Hedge Wizard began the quest for the
                  | Orb.
     0 | D:1      | Reached XP level 1. HP: 10/10 MP: 7/7
   321 | D:1      | Reached XP level 2. HP: 14/15 MP: 1/9
   522 | D:1      | Found Osalem's Assorted Antiques.
   801 | D:1      | Reached skill level 5 in Spellcasting
  1070 | D:1      | Reached XP level 3. HP: 20/20 MP: 8/11
  1074 | D:1      | Learned a level 3 spell: Mephitic Cloud
  1077 | D:1      | Learned a level 2 spell: Call Imp
  1080 | D:1      | Learned a level 2 spell: Blink
  1906 | D:2      | Found the +2 ratskin cloak {*Rats rPois rN+ Str-1 Int-1
                  | Dex+1}
  2020 | D:2      | Reached skill level 1 in Armour
  2159 | D:2      | Reached skill level 1 in Fighting
  2819 | D:3      | Reached XP level 4. HP: 25/25 MP: 11/13
  4243 | D:4      | Reached XP level 5. HP: 26/29 MP: 5/15
  4350 | D:4      | Reached skill level 6 in Spellcasting
  4467 | D:4      | Reached skill level 1 in Poison Magic
  4757 | D:4      | Noticed Natasha
  4762 | D:4      | Killed Natasha
  4763 | D:4      | Reached skill level 1 in Air Magic
  4990 | D:4      | Reached XP level 6. HP: 23/34 MP: 10/17
  5048 | D:4      | Noticed Natasha
  5062 | D:4      | Killed Natasha
  5267 | D:4      | Noticed Natasha
  5287 | D:4      | Killed Natasha
  5326 | D:5      | Entered Level 5 of the Dungeon
  5329 | D:5      | Noticed Edmund
  5344 | D:5      | Noticed Prince Ribbit
  5353 | D:5      | Reached skill level 7 in Spellcasting
  5353 | D:5      | Reached skill level 1 in Evocations
  5365 | D:4      | Learned a level 5 spell: Freezing Cloud
  5368 | D:4      | Learned a level 2 spell: Poisonous Vapours
  5444 | D:5      | Reached skill level 1 in Ice Magic
  5445 | D:5      | Found a hide-covered altar of Uskayaw.
  5559 | D:4      | Reached XP level 7. HP: 34/39 MP: 14/20
  5602 | D:5      | Killed from afar by an orc priest

Illustrated notes

Levels and vault maps discovered:
D:1:      tarquinn_simple_flora_water_b, layout_basic, serial_shops,
          nicolae_shop_real_fake_doors, minmay_pentomino_r2
D:2:      layout_loops_corners, lemuel_flame_loot_1
D:3:      minmay_roachtagon, layout_loops_corners, kennysheep_generic_room_9
D:4:      cheibrodos_old_hovel, layout_basic, serial_glass, glass_columns_a,
          glass_columns_c, uniq_natasha
D:5:      layout_rooms, nicolae_overflow_macrodata_refinement, uniq_edmund,
          uniq_crazy_yiuf_cottage, uniq_prince_ribbit1, uniq_sigmund

Skill      XL: |  1  2  3  4  5  6 |
---------------+-------------------+-----
Spellcasting   | 5 6 7 |  7.5
Armour         | 1 |  1.0
Fighting       | 1 |  1.8
Conjurations   | 2 3 |  3.5
Stealth        | 3 |  3.0
Dodging        | 3 |  3.1
Poison Magic   | 1 |  1.2
Air Magic      | 1 |  1.0
Evocations     | 1 |  1.0
Ice Magic      | 1 |  1.2
Summonings     | |  1.1
Translocations | |  1.1

Action                     |  1- 3 |  4- 6 |  7- 9 || total
---------------------------+-------+-------+-------++-------
  Melee: Dagger            |    39 |    73 |     1 ||   113
         Punch             |     2 |       |       ||     2
   Cast: Magic Dart        |   114 |   137 |       ||   251
         Call Imp          |     1 |       |       ||     1
         Mephitic Cloud    |       |    15 |     4 ||    19
         Poisonous Vapours |       |     3 |       ||     3
         Blink             |       |       |     1 ||     1
   Stab: Confused          |       |    12 |       ||    12
 Armour: Robe              |    25 |    48 |     4 ||    77
  Dodge: Dodged            |    43 |    54 |     2 ||    99

Table legend: (Time is in decaauts)
 A = Elapsed time spent in this place.
 B = Non-inter-level travel time spent in this place.
 C = Inter-level travel time spent in this place.
 D = Time resting spent in this place.
 E = Time spent auto-exploring this place.
 F = Levels seen in this place.
 G = Mean time per level.
                   A        B        C        D        E       F      G
               +--------+--------+--------+--------+--------+-----+--------+
         Total |   5602 |   5379 |    223 |    119 |   4611 |   5 | 1120.4 |
       Dungeon |   5602 |   5379 |    223 |    119 |   4611 |   5 | 1120.4 |
               +--------+--------+--------+--------+--------+-----+--------+

Top non-repeatable levels by time:
     D:1: 1521 daAuts
     D:3: 1435 daAuts
     D:4: 1397 daAuts
     D:2: 1149 daAuts
     D:5: 99 daAuts
